 Dungeon Crawl Stone Soup version 0.24-a0-443-g80245de385 (console) character file.

Game seed: 12705407799398135560

22236 Lexodia the Martial Artist (level 12, 0/92 HPs)
             Began as a Gnoll Transmuter on June 21, 2019.
             Was a High Priest of Nemelex Xobeh.
             Slain by a three-headed hydra simulacrum (7 damage)
             ... on level 3 of the Lair of Beasts.
             The game lasted 00:46:39 (14368 turns).

Lexodia the Martial Artist (Gnoll Transmuter)      Turns: 14368, Time: 00:46:39

Health: 0/92       AC: 23    Str: 12    XL:     12   Next: 98%
Magic:  16/20      EV: 15    Int: 21    God:    Nemelex Xobeh [*****.]
Gold:   586        SH:  5    Dex: 22    Spells: 18/29 levels left

rFire    . . .     SeeInvis +   m - +5 long sword {slice, rN++ SInv}
rCold    + . .     Gourm    .   (no shield)
rNeg     + + .     Faith    .   F - +9 scale mail of Royalty {Dex+6}
rPois    .         Spirit   .   J - +2 hat
rElec    .         Reflect  +   w - +0 cloak
rCorr    .         Harm     .   I - +1 pair of gloves (curse)
MR       .....                  (no boots)
Stlth    +++.......             t - +5 amulet of reflection
HPRegen  0.25/turn              x - +1 ring of protection
MPRegen  0.17/turn              (no ring)

@: no status effects
A: distributed training, fangs 1, clever 1, clumsy 1, cold resistance 1, low mp
2, evolution 1, MP-powered wands, strong nose
a: Draw Escape, Draw Destruction, Draw Summoning, Triple Draw, Deal Four, Stack
Five, Renounce Religion


You were on level 3 of the Lair of Beasts.
You worshipped Nemelex Xobeh.
Nemelex Xobeh was extremely pleased with you.
You were not hungry.

You visited 2 branches of the dungeon, and saw 13 of its levels.

You collected 586 gold pieces.

Inventory:

Hand Weapons
 b - a +1 dagger of speed
 m - the +5 long sword "Zuats" (weapon) {slice, rN++ SInv}
   (You found it on level 9 of the Dungeon)

   It inflicts extra damage upon your enemies.
   It greatly protects you from negative energy.
   It lets you see invisible.
 s - a +1 rapier of speed
 A - a +2 morningstar of holy wrath
 H - a +2 hand axe of flaming
Missiles
 a - 233 arrows
 c - 511 stones
 C - 8 boomerangs (quivered)
Armour
 w - a +0 cloak (worn)
 y - a +0 shield
 E - a +0 troll leather armour
 F - the +9 scale mail of Royalty (worn) {Dex+6}
   (You found it on level 6 of the Dungeon)

   It affects your dexterity (+6).
 G - a +0 helmet
 I - a cursed +1 pair of gloves (worn)
 J - a +2 hat (worn)
Jewellery
 p - an uncursed amulet of guardian spirit
 t - a +5 amulet of reflection (around neck)
 u - an uncursed ring of ice
 x - a +1 ring of protection (left hand)
 K - an uncursed amulet of the acrobat
 M - an uncursed ring of magical power {unknown}
Wands
 g - a wand of digging (9)
 h - a wand of random effects (17)
 D - a wand of enslavement (6)
 L - a wand of polymorph (8)
 N - a wand of paralysis (10)
Scrolls
 e - 3 scrolls of magic mapping
 f - 3 scrolls of enchant weapon
 i - 8 scrolls of amnesia
 j - 2 scrolls of random uselessness
 k - 2 scrolls of fear
 l - a scroll of fog
 o - 4 scrolls of teleportation
 q - 10 scrolls of identify
 v - 6 scrolls of remove curse
 z - a scroll of noise
 O - a scroll of enchant armour
Potions
 n - a potion of brilliance
 r - 3 potions of curing
 B - 2 potions of flight
 P - a potion of magic {unknown}
Comestibles
 d - 17 rations
 Q - 4 chunks of flesh


   Skills:
 + Level 8.1 Fighting
 + Level 7.6 Short Blades
 + Level 7.6 Long Blades
 + Level 7.6 Axes
 + Level 7.6 Maces & Flails
 + Level 7.6 Polearms
 + Level 7.6 Staves
 + Level 7.6 Slings
 + Level 7.6 Bows
 + Level 7.6 Crossbows
 + Level 7.6 Throwing
 + Level 7.6 Armour
 + Level 9.0 Dodging
 + Level 7.6 Stealth
 + Level 7.6 Shields
 + Level 10.1 Unarmed Combat
 + Level 9.2 Spellcasting
 + Level 6.3 Conjurations
 + Level 6.3 Hexes
 + Level 6.3 Charms
 + Level 6.3 Summonings
 + Level 6.3 Necromancy
 + Level 6.3 Translocations
 + Level 7.5 Transmutations
 + Level 6.3 Fire Magic
 + Level 6.3 Ice Magic
 + Level 6.3 Air Magic
 + Level 6.3 Earth Magic
 + Level 6.3 Poison Magic
 + Level 8.4 Invocations
 + Level 7.6 Evocations


You had 18 spell levels left.
You knew the following spells:

 Your Spells              Type           Power        Failure   Level  Hunger
a - Beastly Appendage     Tmut           #####.       1%          1    None
b - Sticks to Snakes      Tmut           #####...     1%          2    None
c - Spider Form           Tmut/Pois      #####.....   4%          3    None
d - Blade Hands           Tmut           #####.....   34%         5    #####..

Your spell library contained the following spells:

 Spells                   Type           Power        Failure   Level  Hunger
 Summon Small Mammal      Summ           ####         1%          1    None
 Call Imp                 Summ           #####...     3%          2    None
 Call Canine Familiar     Summ           #####...     6%          3    None
 Summon Guardian Golem    Hex/Summ       #####...     6%          3    None
 Ice Form                 Ice/Tmut       #####...     16%         4    ##.....
 Summon Ice Beast         Ice/Summ       #####...     21%         4    ##.....
 Summon Lightning Spire   Summ/Air       #####...     21%         4    ##.....


Dungeon Overview and Level Annotations

Branches:
Dungeon (10/15)              Lair (3/6) D:10         Shoals (0/4) Lair:3
  Snake (0/4) Lair:2
 Temple: D:4-7          Orc: D:9-12

Altars:
Cheibriados
Dithmenos
Makhleb
Nemelex Xobeh
Okawaru
Qazlal
Uskayaw
Yredelemnul
Zin
The Shining One

Shops:
D:7 *   D:8 ((%

Annotations:
D:5 3 runed translucent doors, Yaarun's ghost, amateur NaTm
D:9 3 runed translucent doors
D:10 2 transporters, Nattfarinn's ghost, novice MiFi


Innate Abilities, Weirdness & Mutations

Your experience applies equally to all skills.
You have very sharp teeth.
Your uncanny sense of smell can sniff out nearby items.
Your mind is acute. (Int +2)
You are clumsy. (Dex -2)
Your flesh is cold resistant. (rC+)
Your magical capacity is very low. (-20% MP)
You evolve.
You expend magic power (3 MP) to strengthen your wands.


Message History

You resist.
The three-headed hydra simulacrum bites you but does no damage.
The three-headed hydra simulacrum bites you.
The three-headed hydra simulacrum freezes you!
You resist.
* * * LOW HITPOINT WARNING * * *
Huge Dmg: -40%(-37hp) hp: 18%(16hp)
You draw a card...
You have drawn the Cloud.
Clouds appear around you!
You draw a card...
You have drawn the Tomb.
Nothing appears to happen.
Your hands revert to their normal proportions.
The +5 long sword "Zuats" {slice, rN++ SInv} unmelds from your body.
Your cursed +1 pair of gloves unmelds from your body.
The spectral fire crab is engulfed in blazing flames.
The three-headed hydra simulacrum bites you but does no damage.
The three-headed hydra simulacrum bites you!
* * * LOW HITPOINT WARNING * * *
The three-headed hydra simulacrum freezes you!
You resist.
You die...
Your body glows with a rainbow of weird colours and disappears.

..# #......### #..# .P#
#...######### #..## ..#
#...#.#.#.#.# ##.P# .##
##...#!....#.### ##..## .#
#....##$..§'☼#.# ##....#
.####P...#.!..☼'Z☼####....##
....P.PP.##(...ZZ§.........#
........P#....Z#Z#........##
........##.#.#.#@###......#
.........############..<..#
.........##.##P#..###.....##
...........................#
.#.###.#P#.P..............##
.### #######...............#
..# #..........P...P# .##
#...........PP.## ..#
##......#.#..PP.##


You could see a spectral komodo dragon, 2 spectral dream sheep, a three-headed
hydra simulacrum and a death yak simulacrum.

Vanquished Creatures
  Gastronok (D:10)
  The ghost of Qocimuv the Fighter, a journeyman GrFi of Okawaru (Lair:3)
  Snorg (D:10)
  Erolcha (D:10)
  2 hydras
  3 two-headed ogres
  A death yak (D:9)
  Pikel (D:5)
  A black mamba (Lair:2)
  3 spiny frogs
  4 komodo dragons
  A troll (D:9)
  Grinder (D:6)
  2 polar bears
  2 blink frogs
  2 hippogriffs
  A spriggan (Lair:2)
  A wyvern (Lair:2)
  2 yaks
  8 water moccasins
  2 porcupines (Lair:1)
  3 orc warriors
  3 sky beasts
  3 ice beasts
  A slave (D:5)
  A phantom (D:7)
  5 ogres
  5 centaurs
  5 crocodiles
  2 big kobolds
  8 bullfrogs
  4 scorpions
  A wyvern skeleton (D:10)
  3 killer bees
  8 wights
  An electric eel (Lair:3)
  2 howler monkeys (D:7)
  2 crimson imps
  4 bullfrog zombies
  2 quasits (D:6)
  2 bullfrog skeletons (D:10)
  4 orc priests
  7 hounds
  6 jellies
  5 orc wizards
  2 centaur skeletons
  Jessica (D:2)
  10 worker ants
  7 iguanas
  A hell rat (D:10)
  A killer bee zombie (D:9)
  A hound skeleton (D:8)
  A river rat (D:10)
  5 adders
  3 shadow imps
  7 oozes
  4 adder skeletons
  A worm (D:2)
  A dart slug (D:3)
  8 leopard geckos
  16 orcs
  3 giant cockroaches
  5 goblins
  3 hobgoblins
  6 jackals
  4 quokkas
  A ball python (D:1)
  5 bats
  A jackal skeleton (D:4)
  16 kobolds
  A quokka zombie (D:6)
  7 rats
  A plant (Lair:2)
250 creatures vanquished.

Vanquished Creatures (collateral kills)
  A queen ant (D:10)
  A death yak (D:10)
  A black mamba (Lair:2)
  2 spiny frogs
  A komodo dragon (Lair:1)
  A rime drake (Lair:1)
  A polar bear (Lair:2)
  6 blink frogs
  5 yaks (Lair:3)
  A water moccasin (Lair:1)
  A porcupine (Lair:1)
  A phantom (D:5)
  3 centaurs (Lair:3)
  A bullfrog (Lair:1)
26 creatures vanquished.

Vanquished Creatures (others)
  A gargoyle (D:10)
  A wyvern (D:8)
  A big kobold (D:10)
  A bullfrog (D:10)
  A ball lightning (D:9)
  A fungus (Lair:2)
  A plant (Lair:3)
7 creatures vanquished.

Grand Total: 283 creatures vanquished

Notes
Turn   | Place    | Note
-------+----------+-------------------------------------------
     0 | D:1      | Lexodia the Gnoll Transmuter began the quest for the Orb.
     0 | D:1      | Reached XP level 1. HP: 17/17 MP: 6/6
   114 | D:1      | Huge Dmg: 4 dmg
   117 | D:1      | Huge Dmg: 2 dmg
   134 | D:1      | Reached XP level 2. HP: 8/23 MP: 7/7
   138 | D:1      | Learned a level 2 spell: Sticks to Snakes
   459 | D:1      | Huge Dmg: 6 dmg
   664 | D:1      | Reached XP level 3. HP: 28/28 MP: 9/9
   677 | D:1      | Reached skill level 5 in Spellcasting
   952 | D:2      | Huge Dmg: 6 dmg
   953 | D:2      | Reached skill level 1 in Invocations
   961 | D:2      | Learned a level 3 spell: Spider Form
  1331 | D:2      | Noticed Jessica
  1337 | D:2      | Killed Jessica
  1337 | D:2      | Reached skill level 1 in Short Blades
  1337 | D:2      | Reached skill level 1 in Long Blades
  1337 | D:2      | Reached skill level 1 in Axes
  1337 | D:2      | Reached skill level 1 in Maces & Flails
  1337 | D:2      | Reached skill level 1 in Polearms
  1337 | D:2      | Reached skill level 1 in Staves
  1337 | D:2      | Reached skill level 1 in Slings
  1337 | D:2      | Reached skill level 1 in Bows
  1337 | D:2      | Reached skill level 1 in Crossbows
  1337 | D:2      | Reached skill level 1 in Throwing
  1337 | D:2      | Reached skill level 1 in Armour
  1337 | D:2      | Reached skill level 1 in Stealth
  1337 | D:2      | Reached skill level 1 in Shields
  1337 | D:2      | Reached skill level 1 in Evocations
  1337 | D:2      | Reached XP level 4. HP: 30/34 MP: 7/11
  1943 | D:3      | Reached skill level 1 in Conjurations
  1943 | D:3      | Reached skill level 1 in Hexes
  1943 | D:3      | Reached skill level 1 in Charms
  1943 | D:3      | Reached skill level 1 in Summonings
  1943 | D:3      | Reached skill level 1 in Necromancy
  1943 | D:3      | Reached skill level 1 in Translocations
  1943 | D:3      | Reached skill level 1 in Fire Magic
  1943 | D:3      | Reached skill level 1 in Ice Magic
  1943 | D:3      | Reached skill level 1 in Air Magic
  1943 | D:3      | Reached skill level 1 in Earth Magic
  1943 | D:3      | Reached skill level 1 in Poison Magic
  1962 | D:3      | Found a basalt altar of Yredelemnul.
  2016 | D:3      | Reached XP level 5. HP: 38/40 MP: 8/12
  2376 | D:4      | Huge Dmg: 5 dmg
  2955 | D:4      | Found a sparkling altar of Nemelex Xobeh.
  3301 | D:5      | Entered Level 5 of the Dungeon
  3622 | D:5      | Noticed a phantom
  3639 | D:5      | Killed a phantom
  3639 | D:5      | Reached XP level 6. HP: 45/47 MP: 3/13
  3687 | D:5      | Found a runed translucent gate.
  3687 | D:5      | Found a runed translucent gate.
  3687 | D:5      | Found a runed translucent gate.
  3687 | D:5      | Noticed Yaarun's ghost (amateur NaTm)
  3830 | D:5      | Reached skill level 5 in Dodging
  3944 | D:5      | Learned a level 5 spell: Blade Hands
  3973 | D:5      | Noticed Pikel
  3973 | D:5      | Noticed a slave
  3973 | D:5      | Noticed a slave
  3973 | D:5      | Noticed a slave
  3981 | D:5      | Killed a slave
  4001 | D:5      | Killed Pikel
  4001 | D:5      | Reached skill level 7 in Unarmed Combat
  4001 | D:5      | Reached XP level 7. HP: 44/53 MP: 8/15
  4048 | D:5      | Found a snail-covered altar of Cheibriados.
  4048 | D:5      | Found an iron altar of Okawaru.
  4048 | D:5      | Found a hide-covered altar of Uskayaw.
  4058 | D:5      | Reached XP level 8. HP: 50/60 MP: 10/16
  4130 | D:4      | Became a worshipper of Nemelex Xobeh the Trickster
  4465 | D:6      | Received a gift from Nemelex Xobeh
  4574 | D:6      | Noticed a hippogriff
  4595 | D:6      | Noticed Grinder
  4604 | D:6      | Huge Dmg: 14 dmg
  4604 | D:6      | Killed a hippogriff
  4626 | D:6      | Killed Grinder
  4968 | D:6      | Reached XP level 9. HP: 39/66 MP: 9/18
  4983 | D:6      | Got a jewelled scale mail
  5015 | D:6      | Identified the +9 scale mail of Royalty {Dex+6} (You found
                  | it on level 6 of the Dungeon)
  5069 | D:6      | Reached skill level 5 in Transmutations
  5566 | D:7      | Reached * piety under Nemelex Xobeh
  5620 | D:7      | Reached skill level 5 in Fighting
  5655 | D:7      | Found a shadowy altar of Dithmenos.
  5768 | D:7      | Noticed a two-headed ogre
  5795 | D:7      | Huge Dmg: 33 dmg
  5799 | D:7      | Killed a two-headed ogre
  5799 | D:7      | Reached skill level 8 in Unarmed Combat
  5799 | D:7      | Reached skill level 5 in Invocations
  6194 | D:7      | Reached XP level 10. HP: 74/74 MP: 20/20
  6447 | D:7      | Found Tusour's Elemental Accessories.
  6709 | D:8      | Found Ranuats's Food Shop.
  6885 | D:8      | Huge Dmg: 13 dmg
  6971 | D:8      | Received a gift from Nemelex Xobeh
  6983 | D:8      | Huge Dmg: 20 dmg
  6983 | D:8      | Found Oxkiewar's Weapon Shoppe.
  6988 | D:8      | Huge Dmg: 7 dmg
  6989 | D:8      | Huge Dmg: 7 dmg
  6992 | D:8      | HP: 1/75 [wyvern (13)]
  6993 | D:8      | Huge Dmg: 13 dmg
  6996 | D:8      | Gained mutation: Your magical capacity is low. (-10% MP)
                  | [potion of mutation]
  6996 | D:8      | Gained mutation: Your magical capacity is very low. (-20%
                  | MP) [potion of mutation]
  6996 | D:8      | Gained mutation: You have sharp toenails. [potion of
                  | mutation]
  7001 | D:8      | HP: 3/112 [centaur/cursed -1 shortbow (2)]
  7002 | D:8      | Huge Dmg: 1 dmg
  7013 | D:8      | Reached skill level 5 in Short Blades
  7013 | D:8      | Reached skill level 5 in Long Blades
  7013 | D:8      | Reached skill level 5 in Axes
  7013 | D:8      | Reached skill level 5 in Maces & Flails
  7013 | D:8      | Reached skill level 5 in Polearms
  7013 | D:8      | Reached skill level 5 in Staves
  7013 | D:8      | Reached skill level 5 in Slings
  7013 | D:8      | Reached skill level 5 in Bows
  7013 | D:8      | Reached skill level 5 in Crossbows
  7013 | D:8      | Reached skill level 5 in Throwing
  7013 | D:8      | Reached skill level 5 in Armour
  7013 | D:8      | Reached skill level 5 in Stealth
  7013 | D:8      | Reached skill level 5 in Shields
  7013 | D:8      | Reached skill level 5 in Evocations
  7046 | D:8      | Huge Dmg: 4 dmg
  7046 | D:8      | Noticed a two-headed ogre
  7374 | D:8      | Killed a two-headed ogre
  7525 | D:9      | Reached ** piety under Nemelex Xobeh
  7775 | D:8      | Found Usink's Antique Weapon Emporium.
  7903 | D:8      | Huge Dmg: 12 dmg
  7906 | D:8      | Huge Dmg: 9 dmg
  7911 | D:8      | Huge Dmg: 10 dmg
  8435 | D:9      | Found a glowing golden altar of the Shining One.
  8582 | D:9      | Found a glowing silver altar of Zin.
  8762 | D:9      | Found a runed translucent gate.
  8762 | D:9      | Found a runed translucent gate.
  8762 | D:9      | Found a runed translucent gate.
  8763 | D:9      | Noticed a green ugly thing
  8763 | D:9      | Noticed a green ugly thing
  8763 | D:9      | Noticed a cyan ugly thing
  8764 | D:9      | Noticed a cyan very ugly thing
  8765 | D:9      | Noticed a white ugly thing
  8770 | D:9      | Noticed a glowing orange brain
  8819 | D:9      | Found a burning altar of Makhleb.
  8862 | D:9      | Huge Dmg: 14 dmg
  8867 | D:9      | Got a brightly glowing long sword
  8868 | D:9      | Identified the +5 long sword "Zuats" {slice, rN++ SInv}
                  | (You found it on level 9 of the Dungeon)
  8876 | D:9      | Received a gift from Nemelex Xobeh
  9022 | D:9      | Found a stormy altar of Qazlal.
  9192 | D:10     | Entered Level 10 of the Dungeon
  9192 | D:10     | Noticed a two-headed ogre
  9206 | D:10     | Huge Dmg: 22 dmg
  9209 | D:10     | Huge Dmg: 17 dmg
  9209 | D:10     | Killed a two-headed ogre
  9209 | D:10     | Reached XP level 11. HP: 19/83 MP: 18/18
  9232 | D:10     | Noticed Gastronok
  9547 | D:10     | Noticed a death yak
  9547 | D:10     | Noticed a death yak
  9548 | D:10     | Found a staircase to the Lair.
  9558 | D:10     | Noticed a death yak
  9560 | D:10     | Huge Dmg: 15 dmg
  9564 | D:10     | Huge Dmg: 18 dmg
  9598 | D:9      | Huge Dmg: 18 dmg
  9601 | D:9      | HP: 2/83 [death yak (19)]
  9602 | D:9      | Huge Dmg: 18 dmg
  9604 | D:9      | Killed a death yak
 10041 | D:10     | Reached *** piety under Nemelex Xobeh
 10061 | D:10     | Noticed a deep elf mage
 10071 | D:10     | Huge Dmg: 20 dmg
 10072 | D:10     | Reached skill level 9 in Unarmed Combat
 10074 | D:10     | Reached skill level 5 in Conjurations
 10074 | D:10     | Reached skill level 5 in Hexes
 10074 | D:10     | Reached skill level 5 in Charms
 10074 | D:10     | Reached skill level 5 in Summonings
 10074 | D:10     | Reached skill level 5 in Necromancy
 10074 | D:10     | Reached skill level 5 in Translocations
 10074 | D:10     | Reached skill level 5 in Fire Magic
 10074 | D:10     | Reached skill level 5 in Ice Magic
 10074 | D:10     | Reached skill level 5 in Air Magic
 10074 | D:10     | Reached skill level 5 in Earth Magic
 10074 | D:10     | Reached skill level 5 in Poison Magic
 10079 | D:10     | a deep elf mage changed into a yaktaur
 10314 | D:10     | Huge Dmg: 20 dmg
 10325 | D:10     | Killed Gastronok
 10472 | D:10     | Noticed Snorg
 10496 | D:10     | Huge Dmg: 16 dmg
 10496 | D:10     | Killed Snorg
 10576 | D:10     | Received a gift from Nemelex Xobeh
 10582 | D:10     | Noticed a death knight
 10583 | D:10     | Found a transporter.
 10586 | D:10     | Found a transporter.
 10587 | D:10     | Noticed Nattfarinn's ghost (novice MiFi)
 10636 | D:10     | Noticed Erolcha
 10652 | D:10     | Killed Erolcha
 10760 | D:10     | Received a gift from Nemelex Xobeh
 10922 | D:10     | Noticed a queen ant
 10922 | D:10     | a death yak changed into a queen ant
 10935 | D:10     | Killed a death yak
 10936 | D:10     | Killed a queen ant
 11122 | Lair:1   | Entered Level 1 of the Lair of Beasts
 11139 | Lair:1   | Lost mutation: You have sharp toenails. [potion of
                  | mutation]
 11139 | Lair:1   | Gained mutation: You are clumsy. (Dex -2) [potion of
                  | mutation]
 11139 | Lair:1   | Gained mutation: You evolve. [potion of mutation]
 11139 | Lair:1   | Gained mutation: Your mind is acute. (Int +2) [potion of
                  | mutation]
 11139 | Lair:1   | Gained mutation: You expend magic power (3 MP) to
                  | strengthen your wands. [potion of mutation]
 11192 | Lair:1   | Reached XP level 12. HP: 91/91 MP: 19/19
 11193 | Lair:1   | Reached **** piety under Nemelex Xobeh
 11424 | Lair:1   | Huge Dmg: 17 dmg
 11459 | Lair:1   | Huge Dmg: 22 dmg
 11462 | Lair:1   | Huge Dmg: 10 dmg
 11463 | Lair:1   | Huge Dmg: 23 dmg
 11824 | Lair:1   | Noticed an eight-headed hydra
 11858 | Lair:1   | Killed an eight-headed hydra
 11907 | Lair:1   | Huge Dmg: 25 dmg
 12389 | Lair:2   | Received a gift from Nemelex Xobeh
 12577 | Lair:2   | Received a gift from Nemelex Xobeh
 12720 | Lair:2   | Reached ***** piety under Nemelex Xobeh
 12729 | Lair:2   | Huge Dmg: 17 dmg
 12981 | Lair:2   | Noticed a six-headed hydra
 12995 | Lair:2   | Killed a seven-headed hydra
 13034 | Lair:2   | Found a staircase to the Snake Pit.
 13319 | Lair:3   | Found a runed translucent gate.
 13319 | Lair:3   | Found a runed translucent gate.
 13319 | Lair:3   | Found a runed translucent gate.
 13330 | Lair:3   | Noticed Qocimuv's ghost (journeyman GrFi)
 13387 | Lair:3   | Gained mutation: Your flesh is cold resistant. (rC+)
                  | [evolution]
 13416 | Lair:3   | Found a staircase to the Shoals.
 13470 | Lair:3   | Received a gift from Nemelex Xobeh
 13540 | Lair:2   | Huge Dmg: 11 dmg
 13544 | Lair:2   | Huge Dmg: 16 dmg
 13546 | Lair:2   | Huge Dmg: 18 dmg
 13861 | Lair:2   | Reached skill level 10 in Unarmed Combat
 14141 | Lair:3   | Received a gift from Nemelex Xobeh
 14160 | Lair:3   | Huge Dmg: 25 dmg
 14363 | Lair:3   | Huge Dmg: 24 dmg
 14364 | Lair:3   | Killed Qocimuv's ghost
 14367 | Lair:3   | Huge Dmg: 37 dmg
 14368 | Lair:3   | Slain by a three-headed hydra simulacrum

Levels and vault maps discovered:
D:1:      minmay_arrival_shattered_statue, layout_loops_ring
D:2:      layout_basic, first_ration, uniq_jessica
D:3:      lemuel_upstairs_altar, layout_rooms, yredelemnul_altar_generic
D:4:      layout_basic, nemelex_xobeh_ov_fountains_minmay,
          hangedman_decor_lopped, grunt_ministairs_2
D:5:      layout_basic, gammafunk_temple_overflow_claw,
          gammafunk_ghost_necromancy, serial_bayou_lake_a, uniq_pikel
D:6:      minmay_octagon_keep, layout_loops_ring, hangedman_decor_growths,
          uniq_grinder
D:7:      layout_loops_cross, grunt_dithmenos_shadows,
          minmay_temple_entry_fiery, nicolae_elemental_shop
D:8:      layout_basic, serial_shops, shop, kennysheep_mini_moat, shop,
          hangedman_little_slice_of_home, zaba_anthole, minmay_statues_item
D:9:      layout_long_grid, nicolae_overflow_crystal_walls,
          nicolae_overflow_hidden_temple, makhleb_heckhound_becter,
          ploomutoo_gammafunk_ghost_potion_laboratory, grunt_qazlal_clouds
D:10:     minmay_clustersquares, layout_irregular_city, dpeg_lair_monsters,
          gammafunk_ghost_mausoleum, uniq_gastronok, uniq_snorg, uniq_erolcha
Lair:1:   layout_roguey
Lair:2:   layout_gridlike, dummy_snake_entry, chequers_serial_rivers_large_a,
          st_stairs_6, chequers_serial_rivers_large_b,
          grunt_forest_large_clearing_hut
Lair:3:   layout_chaotic_city, minmay_shoals_entry_centaurs,
          gammafunk_ghost_necromancy, cheibrodos_lair_lostbears,
          infiniplex_staircase_pool

Skill      XL: |  1  2  3  4  5  6  7  8  9 10 11 12 |
---------------+-------------------------------------+-----
Spellcasting   | 5 6 7 8 9 |  9.2
Invocations    | 1 2 3 4 5 6 7 8 |  8.4
Short Blades   | 1 2 3 4 5 6 7 |  7.6
Long Blades    | 1 2 3 4 5 6 7 |  7.6
Axes           | 1 2 3 4 5 6 7 |  7.6
Maces & Flails | 1 2 3 4 5 6 7 |  7.6
Polearms       | 1 2 3 4 5 6 7 |  7.6
Staves         | 1 2 3 4 5 6 7 |  7.6
Slings         | 1 2 3 4 5 6 7 |  7.6
Bows           | 1 2 3 4 5 6 7 |  7.6
Crossbows      | 1 2 3 4 5 6 7 |  7.6
Throwing       | 1 2 3 4 5 6 7 |  7.6
Armour         | 1 2 3 4 5 6 7 |  7.6
Stealth        | 1 2 3 4 5 6 7 |  7.6
Shields        | 1 2 3 4 5 6 7 |  7.6
Evocations     | 1 2 3 4 5 6 7 |  7.6
Conjurations   | 1 2 3 4 5 6 |  6.3
Hexes          | 1 2 3 4 5 6 |  6.3
Charms         | 1 2 3 4 5 6 |  6.3
Summonings     | 1 2 3 4 5 6 |  6.3
Necromancy     | 1 2 3 4 5 6 |  6.3
Translocations | 1 2 3 4 5 6 |  6.3
Fire Magic     | 1 2 3 4 5 6 |  6.3
Ice Magic      | 1 2 3 4 5 6 |  6.3
Air Magic      | 1 2 3 4 5 6 |  6.3
Earth Magic    | 1 2 3 4 5 6 |  6.3
Poison Magic   | 1 2 3 4 5 6 |  6.3
Fighting       | 3 4 5 6 7 8 |  8.1
Transmutations | 4 5 6 7 |  7.5
Dodging        | 5 6 7 8 9 |  9.0
Unarmed Combat | 7 8 9 10 | 10.1

Action                   |  1- 3 |  4- 6 |  7- 9 | 10-12 || total
-------------------------+-------+-------+-------+-------++-------
Melee: Unarmed           |    69 |    82 |    58 |    62 ||   271
       Bite              |    12 |    15 |    42 |    93 ||   162
       Kick              |     5 |     6 |       |   116 ||   127
       Headbutt          |     1 |       |       |       ||     1
       Punch             |     1 |     3 |    11 |    24 ||    39
       Rapier            |       |    75 |   264 |    90 ||   429
       Hand axe          |       |       |       |    94 ||    94
       Dagger            |       |       |       |    65 ||    65
       Long sword        |       |       |       |   271 ||   271
Throw: Stone             |     8 |       |       |       ||     8
       Boomerang         |       |       |     1 |    40 ||    41
 Cast: Beastly Appendage |     6 |     2 |       |       ||     8
       Spider Form       |     2 |     8 |     9 |     5 ||    24
       Sticks to Snakes  |       |     5 |       |    22 ||    27
       Blade Hands       |       |       |       |     2 ||     2
Invok: Deal Four         |       |       |       |     1 ||     1
 Abil: Draw Summoning    |       |       |     2 |     8 ||    10
       Draw Destruction  |       |       |       |    28 ||    28
       Draw Escape       |       |       |       |     3 ||     3
Evoke: Wand              |       |       |       |     8 ||     8
  Use: Scroll            |       |       |       |    10 ||    10
       Potion            |       |       |       |    10 ||    10
 Stab: Sleeping          |     4 |     1 |     2 |     8 ||    15
       Distracted        |       |     1 |     2 |     3 ||     6
       Invisible         |       |       |       |     1 ||     1
  Eat: Chunk             |     1 |     6 |     7 |    21 ||    35
       Ration            |       |     1 |       |     2 ||     3
Armor: Robe              |     8 |    12 |    13 |       ||    33
       Skin              |       |     2 |     1 |    12 ||    15
       Scale mail        |       |       |    65 |   238 ||   303
Dodge: Dodged            |    59 |   104 |   204 |   441 ||   808
Block: Other             |       |       |       |    82 ||    82
       Rpst.: Long sword |       |       |       |    71 ||    71

Table legend:
 A = Non-vault XP
 B = Vault XP
 C = Vault XP percentage of total XP
 D = Non-vault monster count
 E = Vault monster count
 F = Vault count percentage of total count
                 A         B        C        D         E       F
            +---------+---------+-------+---------+---------+-------
      Total |   19194 |   12572 |  39.6 |     222 |      56 |  20.1
            +---------+---------+-------+---------+---------+-------
        D:1 |      44 |       0 |   0.0 |      20 |       0 |   0.0
        D:2 |      26 |      37 |  58.7 |       7 |       1 |  12.5
        D:3 |      72 |       0 |   0.0 |      15 |       0 |   0.0
        D:4 |     100 |      35 |  25.9 |       8 |       1 |  11.1
        D:5 |     292 |     651 |  69.0 |      10 |       1 |   9.1
        D:6 |     960 |     461 |  32.4 |      14 |       7 |  33.3
        D:7 |    2009 |      11 |   0.5 |      24 |       1 |   4.0
        D:8 |    2545 |     335 |  11.6 |      39 |      13 |  25.0
        D:9 |    1027 |     904 |  46.8 |      17 |       2 |  10.5
       D:10 |    2495 |    6205 |  71.3 |      19 |      19 |  50.0
     Lair:1 |    5080 |       0 |   0.0 |      23 |       0 |   0.0
     Lair:2 |    1609 |    2219 |  58.0 |       7 |       6 |  46.2
     Lair:3 |    2935 |    1714 |  36.9 |      19 |       5 |  20.8
            +---------+---------+-------+---------+---------+-------
